[Event "Romanian Superliga 2024"]
[Site "Mamaia"]
[Date "2024.10.02"]
[Round "5.19"]
[White "Baranciuc, Alexandr"]
[Black "Petkov, Momchil"]
[Result "0-1"]
[ECO "E11"]
[WhiteElo "2333"]
[BlackElo "2540"]
[Annotator "TA"]
[PlyCount "84"]
[EventDate "2024.09.26"]
[EventType "team-tourn"]
[EventCountry "ROU"]
[SourceTitle "playchess.com"]
[Source "ChessBase"]
[SourceQuality "1"]
[TimeControl "40/5400+30:1800+30"]

1. d4 d5 2. Nf3 Nf6 3. c4 e6 4. g3 Bb4+ 5. Bd2 Be7 6. Bg2 Nbd7 7. O-O O-O 8. Bc3 b6 9. cxd5 exd5 10. Bd2 {[%emt 0:00:09] The position is equal.} Bb7 11. Nc3 Re8 12. Bf4 Nf8 13. Rc1 Ne6 14. e3 Bb4 15. Bg5 Nxg5 16. Nxg5 c5 17. dxc5 bxc5 18. Nf3 Ne4 19. Nd2 Ba6 20. Re1 Bxc3 21. bxc3 Bd3 {[%emt 0:01:43] Repels Qc2} 22. c4 Qf6 $1 23. f4 Qb2 24. Nxe4 dxe4 25. Qb3 Rab8 26. Qxb2 Rxb2 27. Bf1 Reb8 {[%emt 0:17:16] Black has more active pieces.} 28. Rcd1 Bxf1 (28... Rxa2 29. Bxd3 exd3 30. Rxd3) (28... g6 $19 29. Bxd3 exd3 30. Rxd3 Rxa2) 29. Rxf1 $17 Rxa2 $19 {[%emt 0:00:27][%mdl 4096] Endgame. KRR-KRR} 30. Rd5 {[%emt 0:01:05] This costs White the game.} (30. Ra1 $17 Rc2 31. Rxa7) 30... g6 31. Rf2 Rxf2 32. Kxf2 {[%emt 0:00:02] KR-KR} a5 $1 33. Ke1 a4 {[%emt 0:01:27] aiming for ...a3.} 34. Rxc5 {[%emt 0:02:45] [#]} Ra8 {[%emt 0:00:08] Prevents Ra5} 35. Rb5 a3 {[%emt 0:00:14] Prevents Rb2. ( -> ...a2)} 36. Rb1 a2 37. Ra1 Kf8 {[%emt 0:00:29] Threatens to win with ...Ra3.} 38. Kd2 Ra3 39. Kc2 $2 (39. Kc1) 39... Rxe3 40. Rxa2 {[%emt 0:00:00] [#]} Re2+ $1 {[%emt 0:00:00] Black mates.} 41. Kb3 Rxa2 42. Kxa2 e3 {[%emt 0:00:06] Weighted Error Value: White=0.49/Black=0.06 (flawless) .  Mistake:       	White=2     	Black=1      Inaccurate:     	White=5     	Black=1      OK:         	White=14    	Black=14     Best:        	White=1     	Black=2      Strong:       	---       	Black=2} 0-1

[Event "Romanian Superliga 2024"]
[Site "Mamaia"]
[Date "2024.10.02"]
[Round "5.20"]
[White "Stoyanov, Tsvetan"]
[Black "Sapocinic, Semion"]
[Result "1/2-1/2"]
[ECO "C01"]
[WhiteElo "2471"]
[BlackElo "2219"]
[Annotator "TA"]
[PlyCount "95"]
[EventDate "2024.09.26"]
[EventType "team-tourn"]
[EventCountry "ROU"]
[SourceTitle "playchess.com"]
[Source "ChessBase"]
[SourceQuality "1"]
[TimeControl "40/5400+30:1800+30"]

1. e4 e5 2. Nf3 Nf6 3. Nxe5 d6 4. Nf3 Nxe4 5. d3 Nf6 6. d4 d5 7. h3 Bd6 8. Bd3 O-O 9. O-O h6 10. Nc3 c6 11. Re1 Re8 12. Rxe8+ Qxe8 13. Ne2 Ne4 14. Bf4 Bxf4 15. Nxf4 Bf5 16. c4 dxc4 17. Bxc4 Nd7 18. Qb3 Nd6 19. Re1 Qd8 20. g4 Nxc4 21. Qxc4 Nb6 22. Qc5 Bd7 23. Re7 {[%emt 0:04:53] Droht Ne5.} Qf8 24. Ne5 Re8 25. Rxe8 (25. Nxd7 $2 {geht unter.} Qxe7 26. Nxb6 Qxc5 (26... axb6 27. Qxe7 Rxe7 28. Kf1 $19) 27. dxc5 axb6 28. cxb6 Ra8 $19) (25. Rxd7 $2 {zu gefräßig.} Qxc5 26. dxc5 Nxd7 27. Nxd7 f6 $19) 25... Qxe8 26. Qa3 Nc8 27. Qa5 {[%emt 0:08:47] Und Qc7 würde nun gewinnen.} f6 28. Neg6 b6 29. Qc3 Ne7 30. Qb3+ Kh7 31. Nh4 Nd5 32. Qc2+ Kg8 33. Nxd5 cxd5 $11 {[%emt 0:00:41][%mdl 4096] Endspiel. KQB-KQN} 34. Ng2 Qc8 35. Qd2 (35. Qxc8+ {vereinfacht} Bxc8 36. Nf4 Bb7 37. Kh2) 35... h5 36. gxh5 Bxh3 {[%emt 0:01:00] [#] ...Qg4 ist eine echte Drohung.} 37. Nf4 Be6 38. Ng6 Qd8 {[%emt 0:03:42] Es drohte Ne7+} 39. Qe3 Bf7 40. Ne7+ Kh7 41. Qd3+ Kh8 42. Ng6+ Bxg6 (42... Kg8 $11) 43. Qxg6 {[%emt 0:05:41] KQ-KQ} ({Günstiger ist} 43. hxg6 $16 Qc8 44. Qg3) 43... Qc8 {[%emt 0:01:24] Die Stellung ist ausgeglichen.} 44. Kg2 Qc1 45. Qf5 Qc4 46. Qd7 Qxd4 47. Qe8+ Kh7 {[%emt 0:00:07] [#] Droht ...Qg4+ und aus.} 48. Qg6+ {[%emt 0:00:04] Eine ausgeglichene Partie nicht ohne Feinheiten.   Gewichteter Fehlerwert: Weiß=0.05 (makellos) /Schwarz=0.05 (makellos) .  Fehler:       	Weiß=1     	Schwarz=1     OK:         	Weiß=17    	Schwarz=23    Bester:       	Weiß=1     	Schwarz=2} 1/2-1/2

[Event "Romanian Superliga 2024"]
[Site "Mamaia"]
[Date "2024.10.02"]
[Round "5.21"]
[White "Tamas, Christian-Arrydan"]
[Black "Ghimpu, Samuel-Timotei"]
[Result "0-1"]
[ECO "E92"]
[WhiteElo "2137"]
[BlackElo "2456"]
[Annotator "TA"]
[PlyCount "88"]
[EventDate "2024.09.26"]
[EventType "team-tourn"]
[EventCountry "ROU"]
[SourceTitle "playchess.com"]
[Source "ChessBase"]
[SourceQuality "1"]
[TimeControl "40/5400+30:1800+30"]

1. d4 Nf6 2. c4 g6 3. Nc3 Bg7 4. e4 O-O 5. Nf3 d6 6. Be2 e5 7. d5 Na6 8. Nd2 Ne8 9. h4 {[%emt 0:02:42] E92: King's Indian: Classical: 6 Be2 e5: 7 dxe5, 7 Be3 and Petrosian System without 7...Nbd7.} f5 10. h5 gxh5 11. a3 $146 ({Predecessor:} 11. Rxh5 Nf6 12. Rh1 Qe8 13. a3 Qg6 14. Nf3 fxe4 15. Nh4 Qf7 16. Be3 Nc5 17. Qc2 {0-1 Ozenir,E (2386)-Svane,F (2626) Wch U20 60th 2023 (5)}) 11... Nf6 12. Qc2 (12. b4 $11) 12... Nc5 13. b4 $1 Ncxe4 14. Ndxe4 fxe4 15. Bg5 Bf5 16. O-O-O (16. Bxh5 $15 Qd7 17. Qe2) 16... Qd7 $17 17. Bxf6 Rxf6 18. Nxe4 Bxe4 19. Qxe4 Qa4 (19... Rxf2 20. Rxh5 h6 21. Bd3 $15) 20. Kb2 {[%emt 0:14:33] [#]} (20. Rh3 $17) 20... Rf4 $1 $19 (20... Rxf2 21. Rxh5 h6 (21... Qxd1 $2 22. Qxh7+ Kf7 23. Rf5+ Rxf5 24. Qxf5+ Kg8 25. Bxd1 $18) 22. Rd2 $17) 21. Qe3 {[%emt 0:00:49] [#]} e4+ $1 22. Kb1 Rxf2 23. Rh3 $2 (23. Qxf2 $2 Qb3+ 24. Kc1 Qb2#) (23. Rd2 {was called for.} Raf8 (23... Rxg2 $2 24. Bd1 $18) 24. Ka2) 23... Raf8 $19 (23... Rxg2 24. Qxe4 $17) 24. Rdh1 R8f4 (24... Rxg2 25. Qxe4 Rff2 26. Qe6+ Kf8 (26... Kh8 27. b5 $15) 27. Qc8+ Qe8 28. Rf3+ Bf6 (28... Rxf3 29. Qxe8+ Kxe8 30. Bxf3 $19) 29. Qxe8+ Kxe8 30. Rxf2 Rxf2 31. Bxh5+ Ke7 32. Bg4 $15) 25. Rg3 $2 (25. Kc1 {is the only way for White.}) 25... h4 $19 26. Rxg7+ Kxg7 27. Rxh4 Rxh4 28. Qg3+ Rg4 29. Qxg4+ Kf8 30. Qc8+ Ke7 (30... Qe8 $142 31. Qg4 h5 32. Qxh5 Qxh5 (32... Rxg2 33. Qh8+ Ke7 34. Qh4+ Kf7 35. Bh5+ Rg6 36. Bxg6+ Kxg6 37. Qg4+ Kh6 38. Qf4+ Kg7 39. Qg5+ Kf8 40. Qf4+ Kg7 41. Qg5+ Kf8 42. Qf5+ Kg7 43. Qg5+ $11) 33. Bxh5 Kg7 (33... Rxg2 $2 34. Kc1 $19)) 31. Qe6+ Kd8 32. Qg8+ Qe8 33. Qxh7 Kc8 (33... Rxe2 34. Qh4+ Kc8 (34... Qe7 35. Qh8+ Qe8 36. Qh4+ Kc8 37. Qg4+ Kb8 38. Qxe2 $17) 35. Qg4+ Kb8 36. Qxe2 $15) 34. Bh5 Qf8 35. Qxe4 Qh8 36. Be2 Kb8 37. Kc2 a6 38. Kb3 Rf8 39. Bf3 $2 (39. Bd3) 39... Re8 $19 40. Qd3 Qf6 41. Qd2 Qa1 42. Ka4 (42. Bd1 $142) 42... Qf1 43. Qd4 b5+ 44. Ka5 Qxc4 ({Not} 44... bxc4 45. Kxa6 Qd3 (45... c3+ 46. b5 $11) 46. Qa7+ Kc8 47. Qb7+ Kd7 48. Bg4+ Ke7 49. Qxc7+ Kf6 50. Qxd6+ Kg5 51. Bd7 c3+ 52. Bb5 Ra8+ 53. Kb7 Qxb5+ 54. Kxa8 $11) (44... Qc1 $142 45. a4 bxa4 (45... Qxc4 $2 46. Qxc4 bxc4 47. Kxa6 $19) (45... bxc4 $2 46. Be4 $19) 46. Be4 Qf4 47. Kxa6 Qxe4 48. Qa7+ Kc8 49. Qa8+ Kd7 50. Qc6+ Kd8 51. Kb7 Qh7 (51... Qxg2 52. Qxc7#) 52. Qxa4 c5+ 53. Ka6 Qc7 54. bxc5 Qc8+ 55. Ka5 Qxc5+ 56. Qb5 Kc7 57. Qxc5+ dxc5 58. g4 Re4 59. Kb5 Kd6 (59... Rxg4 60. Kxc5 Kd7 61. Kb4 Kd6 62. Kc3 Kc5 63. Kd3 Rd4+ 64. Ke3 Rxc4 65. d6 Kxd6 66. Kd3 Kd5 67. Ke3 Rd4 68. Kf3 Re4 69. Kg3 Kd4 70. Kf2 Re3 71. Kf1 Kd3 72. Kf2 Kd2 73. Kg1 Ke1 74. Kg2 Ke2 75. Kh1 Rg3 76. Kh2 Kf2 77. Kh1 Rh3#) 60. g5 Rg4 61. Ka4 Rxc4+ 62. Kb3 Kxd5 63. g6 Rg4 64. Kc3 c4 (64... Rxg6 65. Kd3 c4+ 66. Ke2 Kd4 67. Kf3 c3 68. Kf4 c2 69. Kf5 Rh6 70. Kf4 c1=Q+ 71. Kf3 Rf6+ 72. Kg4 Rg6+ 73. Kh5 Qh6#) 65. Kd2 Kd4 (65... Rxg6 66. Ke3 Re6+ 67. Kd2 Kd4 68. Kc2 c3 69. Kb3 Re2 70. Kb4 Rb2+ 71. Ka4 c2 72. Ka5 c1=Q 73. Ka6 Qa1#) 66. Ke2 Rxg6 67. Kf3 c3 68. Kf4 c2 69. Kf5 Rh6 (69... c1=R 70. Kxg6 Ke5 71. Kf7 Rg1 72. Ke7 Rg7+ 73. Ke8 Kf6 74. Kd8 Ke6 75. Kc8 Kd6 76. Kb8 Kc6 77. Ka8 Kb6 78. Kb8 Rg8#) 70. Kf4 c1=Q+ (70... c1=B+ 71. Kg4 Ke4 72. Kg3 Bf4+ 73. Kf2 Be3+ 74. Ke2 Rg6 75. Kf1 Kf3 76. Ke1 Rg1#) 71. Kf3 Rf6+ (71... Qe3+ $2 72. Kg4 Rg6+ 73. Kh5 Qh6#) 72. Kg4 Rg6+ 73. Kh5 Qh6#) 0-1

[Event "Romanian Superliga 2024"]
[Site "Mamaia"]
[Date "2024.10.02"]
[Round "5.23"]
[White "Sabarez, Iulian"]
[Black "Coca, Cristi-Iulian"]
[Result "0-1"]
[ECO "B41"]
[WhiteElo "2051"]
[BlackElo "2233"]
[Annotator "TA"]
[PlyCount "70"]
[EventDate "2024.09.26"]
[EventType "team-tourn"]
[EventCountry "ROU"]
[SourceTitle "playchess.com"]
[Source "ChessBase"]
[SourceQuality "1"]
[TimeControl "40/5400+30:1800+30"]

1. e4 c5 2. Nf3 e6 3. d4 cxd4 4. Nxd4 a6 5. c4 Nf6 6. Nc3 Qc7 7. a3 b6 8. f4 Bb7 9. Bd3 h5 ({Besser ist} 9... Nc6 $11 10. Nb3 d6) 10. b4 {[%emt 0:14:40] [#]} ({Günstiger ist} 10. Qe2 $14) 10... b5 $1 $11 11. c5 d6 12. Nb3 {[%emt 0:14:17] Verliert die Partie.} (12. e5 $11 dxe5 (12... Bxg2 $2 {geht unter.} 13. Rg1 $18) 13. Nxe6 fxe6 14. Bg6+ Ke7 15. O-O) 12... dxc5 $19 {[%emt 0:00:17] Und ...c4 würde nun gewinnen.} 13. Nxc5 (13. e5 $142) 13... Bxc5 14. bxc5 Qxc5 15. Bb2 Qe3+ 16. Qe2 Qxf4 17. Rf1 (17. e5 $142 Ng4 18. Rf1) 17... Qxh2 {[%emt 0:01:04] ...Nbd7 wäre nun fies.} 18. Nd5 $2 (18. e5 Qh4+ 19. Kd2 Qg5+ 20. Ke1 Qg3+ 21. Kd2) 18... Qg3+ ({Keinesfalls} 18... exd5 19. Rxf6 dxe4 (19... gxf6 $2 20. exd5+ Kf8 21. Bxf6 $19) 20. Rf2 $19) 19. Kd1 Nxd5 20. exd5 Bxd5 21. Be5 Qxg2 22. Qxg2 Bxg2 23. Rg1 Bf3+ 24. Kd2 f6 25. Bxb8 Rxb8 26. Rxg7 Rb7 27. Rg6 Kf7 28. Rf1 {[%emt 0:01:43] [#]} Rd7 $1 {[%emt 0:00:27][%cal Oh8d8] Droht ...Rhd8! und aus.} 29. Rfg1 (29. Rxf6+ Kxf6) 29... Bg4 {[%emt 0:00:23] Zielt auf ...Rhd8 ab.} 30. R6xg4 hxg4 31. Rxg4 {[%emt 0:00:09] KRR-KRB} Rh3 {[%emt 0:00:05] Schwarz setzt Matt.} 32. a4 Rhxd3+ 33. Kc2 R3d4 34. Rxd4 Rxd4 35. axb5 axb5 {[%emt 0:00:05] Gewichteter Fehlerwert: Weiß=1.14/Schwarz=0.12 (sehr präzise) .  Verlustzug:     	Weiß=1     	---        Fehler:       	Weiß=4     	Schwarz=1     Ungenau:       	Weiß=2     	---        OK:         	Weiß=5     	Schwarz=7     Bester:       	---       	Schwarz=3     Brilliant:      	---       	Schwarz=1} 0-1

[Event "Romanian Superliga 2024"]
[Site "Mamaia"]
[Date "2024.10.02"]
[Round "5.24"]
[White "Pisu, Robert-Daniel"]
[Black "Costache, Andrei Eugeniu"]
[Result "1-0"]
[ECO "B90"]
[WhiteElo "2085"]
[BlackElo "1977"]
[Annotator "NA RC"]
[PlyCount "129"]
[EventDate "2024.09.26"]
[EventType "team-tourn"]
[EventCountry "ROU"]
[SourceTitle "playchess.com"]
[Source "ChessBase"]
[SourceQuality "1"]
[TimeControl "40/5400+30:1800+30"]

1. e4 c5 2. Nf3 d6 3. d4 cxd4 4. Nxd4 Nf6 5. Nc3 a6 $11 6. Rg1 e5 7. Nb3 h5 8. Bg5 Be7 9. Qd2 Be6 10. f4 b5 11. Bd3 Nc6 12. O-O-O Rc8 13. Kb1 Qb6 14. Nd5 Qb7 15. Nxe7 Nxe7 16. fxe5 dxe5 17. Bxf6 gxf6 18. Rgf1 Ng6 19. g3 Qe7 20. Qf2 Kf8 21. Qxf6 Qxf6 22. Rxf6 h4 23. Rf2 hxg3 24. hxg3 Rh3 25. Rg1 Ke7 26. Nc1 Rg8 27. Bf1 Rh5 28. Nd3 Rg5 29. Nc5 Nf4 30. Nxa6 Rxg3 31. Rxg3 Rxg3 32. b3 Bd7 33. Nc5 Bc6 34. Nd3 Ng6 35. Nc5 Re3 36. Bd3 Nf4 37. b4 Kd6 38. Rh2 Nxd3 39. Rh6+ Kc7 40. cxd3 Rf3 41. Na6+ Kb7 42. Nc5+ Kc7 43. Kb2 Rf2+ 44. Kb3 Rf3 45. Rh5 Kd6 46. Kc3 Rf1 47. Rh6+ Kc7 48. a3 Rf2 49. Rh3 Kd6 50. Kb3 Kc7 51. a4 bxa4+ 52. Nxa4 Bxa4+ 53. Kxa4 Kb6 54. Kb3 Kc6 55. Rh5 f6 56. Rf5 Rf4 57. Kc4 Kb6 58. Rxf4 exf4 59. d4 f3 60. Kd3 Kb5 61. d5 Kb6 62. Ke3 Kc7 63. Kxf3 Kd6 64. Kf4 f5 65. Kxf5 1-0

[Event "Romanian Superliga 2024"]
[Site "Mamaia"]
[Date "2024.10.02"]
[Round "5.25"]
[White "Lashkin, Jegor"]
[Black "Pranav Vijay"]
[Result "1-0"]
[ECO "E11"]
[WhiteElo "2472"]
[BlackElo "2252"]
[Annotator "TA"]
[PlyCount "73"]
[EventDate "2024.09.26"]
[EventType "team-tourn"]
[EventCountry "ROU"]
[SourceTitle "playchess.com"]
[Source "ChessBase"]
[SourceQuality "1"]
[TimeControl "40/5400+30:1800+30"]

1. d4 Nf6 2. c4 e6 3. Nf3 Bb4+ 4. Bd2 a5 5. a3 Bxd2+ 6. Qxd2 d6 7. Nc3 Qe7 8. g3 O-O 9. Bg2 e5 10. O-O Nbd7 11. e4 a4 12. Rfe1 {[%emt 0:04:56] White is slightly better.} c6 13. h3 exd4 14. Nxd4 {[%emt 0:06:41] Threatens to win with Nf5.} Ne5 {[%emt 0:00:00] [#]} (14... Nc5 $14) 15. Qc2 $1 $16 {[%emt 0:06:48] Black is now going downhill.} Nxc4 16. Nxa4 Ne5 17. Nb6 Rb8 18. f4 Ng6 19. a4 Qd8 (19... d5 $142) 20. a5 Ne7 21. b4 $36 {[%emt 0:04:08][%mdl 2048] Keeping Black busy.} Nd7 22. Nc4 {[%emt 0:07:43] White has more active pieces.} d5 23. exd5 Nxd5 24. b5 cxb5 (24... N7f6 $16 {was worth a try.}) 25. Nxb5 $18 ({Not} 25. Bxd5 bxc4 (25... Nf6 26. Bxf7+ Rxf7 27. Nxb5 $16) 26. Qxc4 Nf6 $14) 25... Nc7 {[%emt 0:00:00] [#]} (25... Nb4 {keeps fighting.} 26. Qc3 Na6) 26. Nbd6 b5 (26... Ne6 $142 27. Nxf7 Rxf7) 27. Nxc8 Rxc8 (27... Qxc8 {was necessary.} 28. Nd6 Qd8) 28. Nd6 Rb8 {[%emt 0:00:01] Black is weak on the light squares} 29. Rad1 Ne8 (29... Ne6 $142 30. Qa2 Qf6) 30. Nxe8 {[%emt 0:06:12] White is clearly winning.} Rxe8 31. Rxe8+ Qxe8 32. Qc7 Nf8 33. a6 Qe3+ 34. Kh2 Re8 35. a7 h5 36. h4 (36. a8=B Rxa8 37. Qc1 Qxc1 38. Rxc1 Rb8 $11) 36... Qf2 37. Qb8 {[%emt 0:00:46] Weighted Error Value: White=0.09 (flawless) /Black=0.65.  Mistake:       	---       	Black=7      Inaccurate:     	---       	Black=1      OK:         	White=10    	Black=7      Best:        	White=4     	Black=1      Strong:       	White=1     	---} 1-0

[Event "Romanian Superliga 2024"]
[Site "Mamaia"]
[Date "2024.10.02"]
[Round "5.26"]
[White "Erdos, Viktor"]
[Black "Ogleznev, Alexandr"]
[Result "1/2-1/2"]
[ECO "D11"]
[WhiteElo "2538"]
[BlackElo "2301"]
[Annotator "TA"]
[PlyCount "85"]
[EventDate "2024.09.26"]
[EventType "team-tourn"]
[EventCountry "ROU"]
[SourceTitle "playchess.com"]
[Source "ChessBase"]
[SourceQuality "1"]
[TimeControl "40/5400+30:1800+30"]

1. d4 d5 2. c4 c6 3. Nf3 Nf6 4. e3 Bg4 5. Qb3 Qb6 6. Ne5 Bf5 7. cxd5 Qxb3 8. axb3 Nxd5 {[%emt 0:00:06] The position is equal.} 9. Bd3 Bxd3 10. Nxd3 Na6 11. Bd2 e6 12. Ke2 Ndb4 13. Nxb4 Nxb4 14. Na3 Nd5 15. Nc4 Nc7 16. g4 Be7 17. h4 h5 18. g5 g6 19. Rhd1 {[%emt 0:10:04] Black is weak on the dark squares} O-O 20. Be1 Nb5 21. f3 Bd6 22. Ba5 Rfe8 23. Rd3 Rac8 24. f4 Be7 25. Kf3 Nd6 26. Ne5 Nf5 27. Be1 Ra8 28. e4 $36 {[%emt 0:07:15][%mdl 2048] White has some pressure.} Nd6 29. Bb4 Nb5 30. Bc5 Kg7 31. Ra4 Bd8 ({Black should try} 31... Bd6 $11) 32. d5 $1 $14 exd5 33. exd5 cxd5 34. Rxd5 {[%emt 0:00:02] Hoping for Bb4.} Bc7 $1 35. Nd7 a6 36. Bf2 Rad8 37. Rc4 {[%emt 0:00:29] Threatens to win with Nf6.} Bd6 (37... Re6 $14) 38. Nf6 $16 Re6 {[%emt 0:00:31] [#]} 39. Bc5 {[%emt 0:00:52] White is much more active.} (39. Bd4 $1 $16) 39... Ra8 40. f5 gxf5 {[%emt 0:00:00] [#]} ({Better is} 40... Re5 $1 $14) 41. Nxh5+ (41. Bxd6 $1 $18 Rxd6 42. Rxd6 (42. Nxh5+ Kf8 $18) 42... Nxd6 43. Nxh5+ Kh7 44. Rc5) 41... Kg6 $14 42. Nf6 Be5 43. Nd7 {[%emt 0:18:29] Weighted Error Value: White=0.14 (very precise) /Black=0.18 (very precise) .  Mistake:       	White=2     	Black=3      Inaccurate:     	White=3     	Black=4      OK:         	White=15    	Black=15     Best:        	White=1     	---        Strong:       	White=1     	Black=1} 1/2-1/2

[Event "Romanian Superliga 2024"]
[Site "Mamaia"]
[Date "2024.10.02"]
[Round "5.27"]
[White "Vavric, Pavel"]
[Black "Grigore, George-Gabriel"]
[Result "1/2-1/2"]
[ECO "B31"]
[WhiteElo "2285"]
[BlackElo "2414"]
[Annotator "TA"]
[PlyCount "35"]
[EventDate "2024.09.26"]
[EventType "team-tourn"]
[EventCountry "ROU"]
[SourceTitle "playchess.com"]
[Source "ChessBase"]
[SourceQuality "1"]
[TimeControl "40/5400+30:1800+30"]

1. e4 c5 2. Nf3 Nc6 3. Bb5 g6 4. Bxc6 dxc6 5. d3 Bg7 6. h3 Nf6 7. Nc3 O-O 8. O-O Nd7 9. Be3 e5 10. Qd2 Qe7 11. Bh6 Bxh6 12. Qxh6 f6 13. Nh2 Rf7 14. Ne2 Nf8 15. f4 {[%emt 0:17:38] White is slightly better.} exf4 $1 16. Rxf4 Be6 17. Raf1 Nd7 18. R4f2 {[%emt 0:05:19] Weighted Error Value: White=0.10 (very precise) /Black=0.06 (flawless) .  Inaccurate:     	White=1     	Black=1      OK:         	White=2     	Black=3      Strong:       	---       	Black=1} 1/2-1/2

[Event "Romanian Superliga 2024"]
[Site "Mamaia"]
[Date "2024.10.02"]
[Round "5.28"]
[White "Istratescu, Andrei"]
[Black "Sachilaru, Alexandru"]
[Result "1/2-1/2"]
[ECO "E97"]
[WhiteElo "2370"]
[BlackElo "2265"]
[Annotator "RC"]
[PlyCount "24"]
[EventDate "2024.09.26"]
[EventType "team-tourn"]
[EventCountry "ROU"]
[SourceTitle "playchess.com"]
[Source "ChessBase"]
[SourceQuality "1"]
[TimeControl "40/5400+30:1800+30"]

1. d4 Nf6 2. c4 g6 3. Nc3 Bg7 4. e4 d6 5. Be2 O-O 6. Nf3 e5 7. O-O Nc6 8. d5 Ne7 9. Nd2 Bh6 10. Rb1 a5 11. a3 a4 12. Bd3 Bd7 1/2-1/2

[Event "Romanian Superliga 2024"]
[Site "Mamaia"]
[Date "2024.10.02"]
[Round "5.29"]
[White "Patrascu, Catalin-Lucian"]
[Black "Stepanencu, Nicodim-Cosmin"]
[Result "1-0"]
[ECO "B90"]
[WhiteElo "2298"]
[BlackElo "2296"]
[Annotator "TA"]
[PlyCount "107"]
[EventDate "2024.09.26"]
[EventType "team-tourn"]
[EventCountry "ROU"]
[SourceTitle "playchess.com"]
[Source "ChessBase"]
[SourceQuality "1"]
[TimeControl "40/5400+30:1800+30"]

1. e4 c5 2. Nf3 d6 3. d4 cxd4 4. Nxd4 Nf6 5. Nc3 a6 6. Be3 e5 7. Nb3 Be6 8. f3 h5 9. Qd2 Nbd7 10. Nd5 Bxd5 11. exd5 g6 12. c4 {[%emt 0:03:53] White has an edge.} b6 13. Be2 Bg7 14. O-O O-O 15. Rac1 Nh7 16. Na1 f5 17. Nc2 h4 18. Nb4 Qf6 {[%emt 0:06:11] Black is weak on the light squares} (18... f4 $1 $11 19. Bf2 Qg5) 19. Kh1 $16 Kh8 (19... h3 $14) 20. Nc6 Rae8 21. Bd3 a5 22. Bb1 {[%emt 0:03:06] White is much more active.} h3 23. gxh3 Qh4 24. Rg1 Rf6 25. Qg2 {[%emt 0:02:41][%cal Ob1f5] Bxf5! would now be deadly.} Bh6 26. Bf2 Qh5 27. Rc3 Nc5 28. h4 Rg8 29. Be1 ({White should play} 29. b3 $16) 29... Rg7 (29... Rf7 $14) 30. Bc2 (30. b3 $16) 30... g5 (30... Rf8 $14) 31. Qh3 Qf7 32. hxg5 ({Better is} 32. Ra3 $16) 32... Bxg5 {[%emt 0:00:52] [#]} 33. f4 Rh6 (33... exf4 $2 {loses.} 34. Nd4 Ne4 35. Rf3 $18) (33... Bxf4 $15 34. Rxg7 Qxg7 (34... Kxg7 35. Bh4 $16)) 34. Qxf5 $14 Qxf5 35. Bxf5 Bxf4 {[%emt 0:00:05][%csl Gf4][%cal Rh6h2] [#]} 36. h4 ({White should try} 36. Bg3 $1 $16) 36... Ng5 $11 37. Rg4 Rf7 (37... Nge4 $11 {remains equal.} 38. Rxg7 Kxg7 39. Bxe4 Nxe4) 38. Bc2 Nd7 $2 {[%emt 0:03:56] Black cannot hold the game after this.} (38... Rg7 $16 {was called for.}) 39. Kg1 $18 Nh7 40. Nd8 Re7 41. Ne6 Nhf6 42. Rg2 Nh5 (42... Nc5 {might work better.} 43. Nxc5 bxc5) 43. Rf3 {[%emt 0:04:42] Hoping for Bc3.} Rf7 44. Kf1 Nf8 45. b4 Nxe6 46. dxe6 $40 {[%emt 0:00:06][%mdl 128] White wants a kill.} Ra7 (46... Rg7 47. bxa5 bxa5) 47. bxa5 {[%emt 0:01:24] White is clearly winning.} bxa5 48. Rb3 Ra8 {[%emt 0:00:02] Repels Rb8+} 49. Rb7 {[%emt 0:00:51] Threatens to win with Rf7.} e4 50. Bxe4 {[%emt 0:01:28] And now Rf7 would win.} Be5 51. Rf7 Rb8 52. Rg6 Rxg6 53. Bxg6 {[%emt 0:00:05] A strong pair of Bishops.} Nf4 {[%emt 0:00:05] [#]} 54. Rxf4 $1 {[%emt 0:00:23] Weighted Error Value: White=0.24 (precise) /Black=0.39.  Mistake:       	White=5     	Black=9      Inaccurate:     	---       	Black=4      OK:         	White=14    	Black=12     Best:        	White=2     	Black=3} 1-0

[Event "Romanian Superliga 2024"]
[Site "Mamaia"]
[Date "2024.10.02"]
[Round "5.30"]
[White "Szabo, Attila"]
[Black "Popescu, Daniel-Vasilica"]
[Result "1-0"]
[ECO "B33"]
[WhiteElo "2137"]
[BlackElo "1953"]
[Annotator "NA RC"]
[PlyCount "75"]
[EventDate "2024.09.26"]
[EventType "team-tourn"]
[EventCountry "ROU"]
[SourceTitle "playchess.com"]
[Source "ChessBase"]
[SourceQuality "1"]
[TimeControl "40/5400+30:1800+30"]

1. e4 c5 2. Nf3 e6 3. d4 cxd4 4. Nxd4 Nf6 5. Nc3 Nc6 6. Ndb5 d6 7. Bf4 e5 8. Bg5 a6 9. Bxf6 gxf6 10. Na3 b5 11. Nd5 Be7 12. c3 f5 13. Bd3 Be6 14. O-O f4 15. Qh5 O-O (15... Rg8 $14) 16. Rfd1 $14 ({White should play} 16. Nc2 $16) 16... Ra7 17. Nc2 Kh8 18. Kh1 Rg8 19. Be2 Rg5 20. Qh6 Rg6 21. Qh5 Bf8 22. g3 fxg3 23. fxg3 Ne7 24. Ncb4 Qc8 25. Qf3 Nxd5 26. Nxd5 f5 27. exf5 Bxf5 28. Ne3 Bd7 29. Bd3 Rg8 30. Be4 Be6 31. Rf1 Rf7 32. Qh5 Qd7 33. Rxf7 Qxf7 34. Qxf7 Bxf7 35. a4 Be7 36. axb5 axb5 37. Ra7 Bg5 38. Rxf7 1-0

[Event "Romanian Superliga 2024"]
[Site "Mamaia"]
[Date "2024.10.03"]
[Round "6.2"]
[White "Aryan Chopra"]
[Black "Erdos, Viktor"]
[Result "1-0"]
[ECO "C42"]
[WhiteElo "2620"]
[BlackElo "2538"]
[Annotator "RC"]
[PlyCount "113"]
[EventDate "2024.09.26"]
[EventType "team-tourn"]
[EventCountry "ROU"]
[SourceTitle "playchess.com"]
[Source "ChessBase"]
[SourceQuality "1"]
[TimeControl "40/5400+30:1800+30"]

1. e4 e5 2. Nf3 Nf6 3. Nxe5 d6 4. Nf3 Nxe4 5. d4 d5 6. Bd3 Bd6 7. O-O O-O 8. c4 c6 9. Qc2 h6 10. c5 Bc7 11. Nc3 f5 12. a3 Qf6 13. Ne2 Ng5 14. Ne5 Nd7 15. f4 Ne4 16. b4 Kh7 17. b5 cxb5 18. Bxb5 Qe6 19. c6 Nxe5 20. fxe5 Bb6 21. Be3 g5 22. Ng3 Kg7 23. Rac1 bxc6 24. Bxc6 Rb8 25. Qa2 Nxg3 26. hxg3 Bb7 27. Bxb7 Rxb7 28. Qd2 Rc7 29. a4 Rxc1 30. Rxc1 Rc8 31. Rb1 Rb8 32. Qd3 Rc8 33. Rf1 Rf8 34. Kh2 Qd7 35. Qa3 Rc8 36. a5 Bd8 37. Bd2 Be7 38. Qd3 Rc4 39. Rxf5 a6 40. Rf1 Qg4 41. Qb1 Rxd4 42. Qb7 Qh5+ 43. Kg1 Qe8 44. Be3 Re4 45. Bc5 Rxe5 46. Bd4 Kg8 47. g4 Bd6 48. Bxe5 Qxe5 49. Qf7+ Kh8 50. Qf6+ Kh7 51. Qxe5 Bxe5 52. Rf5 Bc3 53. Rxd5 Kg7 54. Rd7+ Kf8 55. Rd6 Bxa5 56. Rxh6 Bd2 57. Rxa6 1-0